 Dungeon Crawl Stone Soup version 0.30-a0-883-g5ad918d77d (webtiles) character file.

Game seed: 17317864795908074211

525 cheesebisquit the Firebug (level 7, -3/51 HPs)
             Began as a White Draconian Fire Elementalist on Mar 17, 2023.
             Killed from afar by an orc wizard (4 damage)
             ... with a magic dart
             ... on level 5 of the Dungeon.
             The game lasted 00:19:54 (4114 turns).

cheesebisquit the Firebug (DrFE)                    Turns: 4114, Time: 00:19:55

Health: -3/51      AC:  6    Str: 10    XL:     7   Next: 2%
Magic:  1/10       EV: 12    Int: 23    God:
Gold:   251        SH:  0    Dex: 12    Spells: 4/10 levels left

rFire   . . .      SeeInvis .    l - +1 dagger (elec)
rCold   + . .      Faith    .    (no shield)
rNeg    . . .      Spirit   .    (body armour unavailable)
rPois   .          Reflect  .    (helmet restricted)
rElec   .          Rampage  .    (no cloak)
rCorr   .                        (no gloves)
Will    .....                    (no boots)
Stlth   ++                       (no amulet)
HPRegen 0.28/turn                r - +6 ring of intelligence
MPRegen 0.12/turn                (no ring)

@: mighty, brilliant, lethally poisoned (-3 -> -20)
A: breathe frost, AC +6, unfitting armour, cold resistance 1, cold-blooded
a: Breathe Frost


You were on level 5 of the Dungeon.
You visited 1 branch of the dungeon, and saw 5 of its levels.

You collected 251 gold pieces.

Inventory:

Hand Weapons
 l - a +1 dagger of electrocution (weapon)
Missiles
 f - 4 boomerangs
 h - 8 poisoned darts
Jewellery
 r - a +6 ring of intelligence (left hand)
Scrolls
 a - a scroll of enchant weapon {unknown}
 b - a scroll of immolation {unknown}
 c - a scroll of torment {unknown}
 e - a scroll of blinking
 i - a scroll of magic mapping {unknown}
 k - a scroll of vulnerability {unknown}
 m - a scroll of amnesia {unknown}
 n - 2 scrolls of noise {unknown}
 o - a scroll of identify {unknown}
 s - a scroll of butterflies {unknown}
Potions
 d - a potion of might
 g - a potion of brilliance
 j - a potion of resistance {unknown}
 p - a potion of flight {unknown}
 q - a potion of invisibility {unknown}


   Skills:
 + Level 0.4 Fighting
 - Level 1.7 Dodging
 - Level 1.7 Stealth
 + Level 2.0 Spellcasting
 - Level 1.0 Conjurations
 - Level 6.6 Fire Magic


You had 4 spell levels left.
You knew the following spells:

 Your Spells              Type           Power      Damage    Failure   Level
a - Foxfire               Conj/Fire      100%       2x1d9     2%          1
c - Inner Flame           Hex/Fire       26%        N/A       10%         3
z - Scorch                Fire           98%        2d10      1%          2

Your spell library contained the following spells:

 Spells                   Type           Power      Damage    Failure   Level
 Apportation              Tloc           6%         N/A       13%         1
 Necrotise                Necr           12%        1d4       13%         1
 Slow                     Hex            12%        N/A       13%         1
 Summon Small Mammal      Summ           12%        N/A       13%         1
 Kindle Blastsparks       Fire/Tloc/Air  36%        2d13      16%         3
 Flame Wave               Conj/Fire      30%        2d9       26%         4
 Confusing Touch          Hex            3%         N/A       36%         3
 Vampiric Draining        Necr           3%         2d6       36%         3
 Vhi's Electric Charge    Tloc/Air       6%         N/A       36%         3
 Cause Fear               Hex            1%         N/A       77%         4
 Arcjolt                  Conj/Air       3%         1d13      96%         5
 Discord                  Hex            1%         N/A       100%        8
 Maxwell's Capacitive Co  Air            1%         ∞         100%        8


Dungeon Overview and Level Annotations

Branches:
Dungeon (5/15)
 Temple: D:4-7

Altars:

Shops:
D:1 (   D:3 =


Innate Abilities, Weirdness & Mutations

You can breathe waves of freezing cold which knock back foes.
Your icy white scales are hard. (AC +6)
You cannot fit into any form of body armour.
Your flesh is cold resistant. (rC+)
You are cold-blooded and may be slowed by cold attacks.


Message History

The orc priest hits you but does no damage.
The orc wizard closely misses you.
Casting: Foxfire (safe; 2% risk of failure)
Confirm with . or Enter, or press ? or * to list all spells.
Flames lash the scorpion.
The scorpion is heavily wounded.
The scorpion's fire resistance burns away.
The foxfire hits the orc priest.
The orc priest is severely wounded.
The foxfire hits the orc priest but does no damage.
The orc priest is severely wounded.
The scorpion stings you.
You are poisoned.
The scorpion poisons you!
The orc priest hits you with a +0 flail!
The orc wizard closely misses you.
You are too injured to fight recklessly!
It was a potion of might.
You feel very mighty all of a sudden.
You feel sick. The scorpion closely misses you.
The orc priest hits you with a +0 flail.
The orc wizard gestures at you while chanting.
The magic dart hits you.
* * * LOW HITPOINT WARNING * * *
It was a potion of brilliance.
You feel clever all of a sudden.
You feel sick.
The scorpion stings you but does no damage.
The orc priest invokes the aid of Beogh against you.
Pain shoots through your body!
* * * LOW HITPOINT WARNING * * *
The orc wizard hits you but does no damage.
You feel sick. The scorpion stings you.
* * * LOW HITPOINT WARNING * * *
You are more poisoned.
The scorpion poisons you! The orc priest closely misses you.
The scorpion closely misses you.
The orc wizard gestures at you while chanting.
The magic dart hits you.
You die...

####### .
#.....# ...
#..oso#.....
#..)@.......
#..$).#.....
#.....# ...
####### .


You could see a scorpion (combustible), an orc priest and an orc wizard.

Vanquished Creatures
  Sigmund (D:2)
  A phantom (D:4)
  A hound (D:4)
  An orc priest (D:4)
  An iguana (D:4)
  2 orc wizards (D:4)
  5 adders
  2 ufetubi
  2 worms
  3 dart slugs
  8 orcs
  3 bats
  8 endoplasms
  3 giant cockroaches
  6 goblins
  9 hobgoblins
  4 jackals (D:4)
  5 kobolds
  4 quokkas
  7 ball pythons
  A frilled lizard (D:3)
  7 rats
84 creatures vanquished.

Vanquished Creatures (others)
  189 foxfires
189 creatures vanquished.

Grand Total: 273 creatures vanquished

Notes
Turn   | Place    | Note
-------+----------+-------------------------------------------
     0 | D:1      | cheesebisquit the Draconian Fire Elementalist began the
                  | quest for the Orb.
     0 | D:1      | Reached XP level 1. HP: 14/14 MP: 3/3
   212 | D:1      | Reached XP level 2. HP: 20/20 MP: 0/5
   617 | D:1      | Reached skill level 4 in Fire Magic
   826 | D:1      | Reached XP level 3. HP: 26/26 MP: 3/6
   861 | D:1      | Found Lomut's Weapon Shoppe.
   879 | D:1      | Found a faded altar of an unknown god.
   993 | D:2      | Learned a level 2 spell: Scorch
   997 | D:2      | Learned a level 3 spell: Inner Flame
  1094 | D:2      | Noticed Sigmund
  1105 | D:2      | Killed Sigmund
  1106 | D:2      | Reached skill level 6 in Fire Magic
  1106 | D:2      | Reached XP level 4. HP: 24/33 MP: 1/7
  1106 | D:2      | Reached XP level 5. HP: 28/38 MP: 1/8
  2162 | D:3      | Found Hyte's Jewellery Shop.
  2672 | D:4      | Reached XP level 6. HP: 28/45 MP: 1/9
  2684 | D:4      | Reached skill level 7 in Fire Magic
  3496 | D:4      | Reached skill level 8 in Fire Magic
  3656 | D:4      | Your scales start taking on an icy white colour.
  3656 | D:4      | Reduced skill Fire Magic to level 6
  3656 | D:4      | Reached XP level 7. HP: 50/50 MP: 6/10
  3656 | D:4      | Gained mutation: Your flesh is cold resistant. (rC+) [White
                  | Draconian growth]
  4104 | D:5      | Entered Level 5 of the Dungeon
  4114 | D:5      | HP: 1/51 [scorpion (5)]
  4114 | D:5      | Killed from afar by an orc wizard

Illustrated notes

Levels and vault maps discovered:
D:1:      shiori_arrival_elements, layout_basic,
          hellmonk_ecumenical_altar_heavens_door, serial_glass, glass_columns_a,
          glass_columns_b, glass_columns_a, serial_shops, shop
D:2:      layout_basic, hex_tiny, uniq_sigmund
D:3:      layout_rooms, serial_shops, nicolae_shop_trees
D:4:      layout_loops_ring, chequers_jeans
D:5:      layout_loops_cross, minmay_temple_entry_glassed_door,
          nicolae_zen_rock_garden, kennysheep_opposing_triangles,
          uniq_crazy_yiuf_cottage

Skill      XL: |  1  2  3  4  5  6 |
---------------+-------------------+-----
Fire Magic     | 4 6 6 |  6.6
Fighting       | |  0.4
Dodging        | |  1.7
Stealth        | |  1.7
Spellcasting   | |  2.0
Conjurations   | |  1.0

Action                     |  1- 3 |  4- 6 |  7- 9 || total
---------------------------+-------+-------+-------++-------
  Melee: Unarmed           |    16 |    11 |       ||    27
         Tailslap          |     1 |     3 |       ||     4
         Flail             |     1 |       |       ||     1
         Dagger            |       |    15 |     2 ||    17
   Cast: Foxfire           |    44 |    59 |     7 ||   110
         Scorch            |     4 |    30 |     6 ||    40
    Use: Potion            |     1 |     4 |     2 ||     7
         Scroll            |       |     1 |       ||     1
 Armour: Skin              |     5 |    52 |    11 ||    68
  Dodge: Dodged            |    13 |    36 |    16 ||    65

Table legend: (Time is in decaauts)
 A = Elapsed time spent in this place.
 B = Non-inter-level travel time spent in this place.
 C = Inter-level travel time spent in this place.
 D = Time resting spent in this place.
 E = Time spent auto-exploring this place.
 F = Levels seen in this place.
 G = Mean time per level.
                   A        B        C        D        E       F      G
               +--------+--------+--------+--------+--------+-----+--------+
         Total |   4110 |   3902 |    208 |    117 |   3207 |   5 |  822.0 |
       Dungeon |   4110 |   3902 |    208 |    117 |   3207 |   5 |  822.0 |
               +--------+--------+--------+--------+--------+-----+--------+

Top non-repeatable levels by time:
     D:4: 1451 daAuts
     D:1: 988 daAuts
     D:2: 884 daAuts
     D:3: 776 daAuts
     D:5: 9 daAuts
